 Dungeon Crawl Stone Soup version 0.17-a0-2231-gd80ca38 (webtiles) character file.

63 Ordine the Skirmisher (level 4, -3/33 HPs)
             Began as an Octopode Fighter on Oct 29, 2015.
             Slain by Sigmund
             ... wielding a +0 scythe of protection
              (12 damage)
             ... on level 2 of the Dungeon.
             The game lasted 00:03:22 (1920 turns).

Ordine the Skirmisher (Octopode Fighter)            Turns: 1920, Time: 00:03:22

Health: -3/33      AC:  1    Str: 15    XL:     4   Next: 10%
Magic:  4/4        EV: 10    Int: 10    God:
Gold:   82         SH:  9    Dex: 12    Spells: 0 memorised, 3 levels left

rFire  . . .     SeeInvis .     a - +0 long sword
rCold  . . .     Clarity  .     b - +1 shield
rNeg   . . .     SustAt   .     (helmet restricted)
rPois  .         Gourm    .     (no amulet)
rElec  .         Spirit   .     (no ring)
rCorr  .         Warding  .     (no ring)
rMut   .         Stasis   .     (no ring)
MR     .....                    (no ring)
Stlth  ++........               (no ring)
                                (no ring)
                                (no ring)
                                (no ring)

@: not resistant to hostile enchantments, unstealthy
A: almost no armour, amphibious, 8 rings, constrict 8, camouflage 1, gelatinous
body 1
a: no special abilities


You were on level 2 of the Dungeon.
You were not hungry.

You visited 1 branch of the dungeon, and saw 2 of its levels.

You collected 82 gold pieces.

Inventory:

Hand Weapons
 a - a +0 long sword (weapon)
Armour
 b - a +1 shield (worn)
Scrolls
 f - a scroll of remove curse
Potions
 c - 2 potions of might
 e - a potion of curing
 g - a potion of lignification {unknown}
 j - a potion of cure mutation {unknown}
Comestibles
 d - 2 bread rations
 h - a slice of pizza
 i - a beef jerky
 k - a meat ration
 l - 4 chunks of flesh


   Skills:
 + Level 3.8 Fighting
 * Level 3.5 Long Blades
 - Level 3.0 Dodging
 - Level 3.0 Shields


You had 3 spell levels left.
You didn't know any spells.

Dungeon Overview and Level Annotations

Branches:
Dungeon (2/15)

Altars:
Gozag

Annotations:
D:2 Sigmund


Innate Abilities, Weirdness & Mutations

You cannot wear most types of armour.
You are amphibious.
You can wear up to eight rings at the same time.
You can use your tentacles to constrict eight enemies at once.
Your skin changes colour to match your surroundings (Stealth).
Your rubbery body absorbs attacks (AC +1).


Message History

The kobold barely misses you.
A hobgoblin comes into view. It is wielding a club.
You completely miss Sigmund.
Sigmund is severely wounded.
You constrict Sigmund, but do no damage.
You block the kobold's attack. You block the jackal's attack.
Sigmund hits you with a scythe of protection!
Unknown command.
You hit Sigmund.
Sigmund is severely wounded.
You constrict Sigmund. The jackal closely misses you.
You block the kobold's attack. The jackal bites you. The kobold hits you.
Sigmund points at you and mumbles some strange words.
The puff of flame hits you!
* * * LOW HITPOINT WARNING * * *
Drink which item? (? for menu, Esc to quit)
It was a potion of curing.
You feel better.
You constrict Sigmund. You block the jackal's attack.
The jackal closely misses you.
Sigmund hits you with a scythe of protection!
You die...

#........# .
#........# ..
#........#
.#.#####.)......#
................#
#####...####..###
##..## ...#
#...h##.#.#
#..SK@@.#.#
#..#h.###.#
h....##... .....#
###.# ...... ...
...... .## ....#.
.# .


You could see Sigmund, an adder, 3 jackals and a kobold.

Vanquished Creatures
  2 adders (D:2)
  An ooze (D:2)
  A worm (D:2)
  10 bats
  A giant cockroach (D:1)
  9 goblins
  7 hobgoblins
  2 kobolds (D:1)
  A ball python (D:2)
  A giant newt (D:1)
  A rat (D:1)
36 creatures vanquished.

Notes
Turn   | Place    | Note
--------------------------------------------------------------
     0 | D:1      | Ordine the Octopode Fighter began the quest for the Orb.
     0 | D:1      | Reached XP level 1. HP: 16/16 MP: 1/1
   115 | D:1      | Reached XP level 2. HP: 21/21 MP: 2/2
   738 | D:1      | Reached XP level 3. HP: 26/26 MP: 3/3
  1502 | D:2      | Reached XP level 4. HP: 19/33 MP: 4/4
  1737 | D:2      | Found an opulent altar of Gozag.
  1867 | D:2      | Noticed Sigmund
  1919 | D:2      | HP: 1/33 [Sigmund/puff of flame (11)]
  1920 | D:2      | Slain by Sigmund

Vault maps used:
D:1:      dpeg_arrival_rooms_a
D:2:      ecumenical_altar_1, first_bread,
          nicolae_gozag_cash_rules_everything_around_me, uniq_sigmund

Action                   |  1- 3 |  4- 6 || total
-------------------------+-------+-------++-------
Melee: Long sword        |    67 |     9 ||    76
  Use: Scroll            |     2 |     2 ||     4
       Potion            |       |     1 ||     1
 Stab: Sleeping          |     5 |       ||     5
  Eat: Chunk             |     2 |     1 ||     3
